 Dungeon Crawl Stone Soup version 0.28-a0-1387-g3a22ab9bdc (webtiles) character file.

Game seed: 15407276829469161465

15606 gimp the Basher (level 12, -7/86 HPs)
             Began as a Formicid Wanderer on Jan 3, 2022.
             Was a High Priest of Okawaru.
             Mangled by a boulder beetle (40 damage)
             ... on level 8 of the Dungeon.
             The game lasted 00:41:37 (12629 turns).

gimp the Basher (Formicid Wanderer)                Turns: 12629, Time: 00:41:38

Health: -7/86      AC: 17    Str: 20    XL:     12   Next: 59%
Magic:  21/21      EV: 12    Int: 14    God:    Okawaru [*****.]
Gold:   818        SH:  0    Dex: 10    Spells: 11/11 levels left

rFire   . . .      SeeInvis +   a - +1 flail
rCold   + . .      Faith    .   c - orb {light}
rNeg    . . .      Spirit   .   e - +1 chain mail
rPois   +          Reflect  .   (helmet unavailable)
rElec   .          Harm     .   s - +2 cloak {rPois}
rCorr   .          Rampage  .   (no gloves)
Will    +....                   u - +0 pair of boots
Stlth   ..........              o - amulet of regeneration
HPRegen 1.04/turn               i - ring of protection from cold
MPRegen 0.17/turn               F - +4 ring of evasion

@: glowing
A: permanent stasis, dig shafts and tunnels, antennae 3, four strong arms
a: Dig, Shaft Self, Renounce Religion, Heroism, Finesse, Duel


You were on level 8 of the Dungeon.
You worshipped Okawaru.
Okawaru was extremely pleased with you.
You visited 4 branches of the dungeon, and saw 14 of its levels.
You also visited: Sewer, Ossuary and Bailey.

You collected 818 gold pieces.

Inventory:

Hand Weapons
 a - a +1 flail (weapon)
 b - a +0 mace
Missiles
 f - 46 poisoned darts (quivered)
 n - a curare-tipped dart
Armour
 c - an orb of light (worn)
 e - a +1 chain mail (worn)
 j - a +0 tower shield
 s - a +2 cloak of poison resistance (worn)
 u - a +0 pair of boots (worn)
Jewellery
 i - a ring of protection from cold (left hand)
 m - an amulet of the acrobat
 o - an amulet of regeneration (around neck)
 F - a +4 ring of evasion (right hand)
Wands
 d - a wand of digging (5)
 k - a wand of flame (5)
 p - a wand of acid (6)
 A - a wand of paralysis (11)
 E - a wand of iceblast (16)
Scrolls
 t - 2 scrolls of enchant weapon
 y - 3 scrolls of fear
 D - a scroll of holy word
 G - 2 scrolls of fog
 H - 2 scrolls of enchant armour
Potions
 g - 3 potions of invisibility
 h - 2 potions of lignification
 l - 4 potions of resistance
 q - 2 potions of cancellation
 r - 2 potions of heal wounds
 v - 2 potions of haste
 w - 2 potions of might {unknown}
 x - 3 potions of mutation
 z - 4 potions of brilliance
 B - 5 potions of curing
 C - a potion of ambrosia


   Skills:
 - Level 5.0 Fighting
 + Level 13.2 Maces & Flails
 - Level 3.0 Polearms
 - Level 2.4 Bows
 - Level 10.0 Armour
 + Level 3.2 Shields
 - Level 12.0 Invocations
 + Level 3.3 Evocations


You had 11 spell levels left.
You didn't know any spells.
Your spell library contained the following spells:

 Spells                   Type           Power      Damage    Failure   Level
 Apportation              Tloc           0%         N/A       90%         1
 Magic Dart               Conj           0%         1d3       90%         1
 Corpse Rot               Necr/Air       0%         N/A       97%         2
 Poisonous Vapours        Pois/Air       0%         N/A       97%         2
 Static Discharge         Conj/Air       0%         N/A       97%         2
 Mephitic Cloud           Conj/Pois/Air  0%         N/A       99%         3
 Lightning Bolt           Conj/Air       0%         1d11      100%        5
 Maxwell's Capacitive Co  Air            0%         ∞         100%        8
 Animate Skeleton         Necr           Unusable   N/A       N/A         1
 Summon Small Mammal      Summ           Unusable   N/A       N/A         1
 Call Imp                 Summ           Unusable   N/A       N/A         2

Dungeon Overview and Level Annotations

Branches:
Dungeon (11/15)            Temple (1/1) D:6            Lair (1/6) D:8
    Orc (1/2) D:10          Sewer (visited)         Ossuary (visited)
 Bailey (visited)

Altars:
Ashenzari
Cheibriados
Dithmenos
Elyvilon
Fedhas
Gozag
Hepliaklqana
Kikubaaqudgha
Makhleb
Nemelex Xobeh
Okawaru
Qazlal
Ru
Sif Muna
Trog
Uskayaw
Vehumet
Wu Jian
Xom
Yredelemnul
Zin
The Shining One

Annotations:
D:4 2 transporters, Urgle's ghost, amateur DrIE
D:9 1 runed translucent door
Lair:1 Gastronok


Innate Abilities, Weirdness & Mutations

You cannot be hasted, slowed, berserked, paralysed or teleported.
You can dig through walls and to a lower floor.
You have a pair of large antennae on your head. (SInv)
Your four strong arms can wield two-handed weapons with a shield.


Message History

The poisoned dart hits the boulder beetle.
The boulder beetle looks even sicker.
The boulder beetle is heavily wounded.
The boulder beetle bites you.
You take 5 damage, and have 26/86 hp.
Throw: 48 darts (poison)
Press: ? - help, Q - select action, (/) - cycle Shift-Dir - straight line, f/p - boulder beetle
Aim: a boulder beetle (heavily wounded, very poisoned, haloed, 97% to hit)
You throw a poisoned dart.
The poisoned dart hits the boulder beetle.
The boulder beetle looks even sicker.
The boulder beetle is heavily wounded.
The boulder beetle leaps!
Throw: 47 darts (poison)
Press: ? - help, Q - select action, (/) - cycle Shift-Dir - straight line, f/p - boulder beetle
Aim: a boulder beetle (heavily wounded, very poisoned, 89% to hit)
You throw a poisoned dart.
The poisoned dart hits the boulder beetle.
The boulder beetle looks as sick as possible!
The boulder beetle is heavily wounded.
Throw: 46 darts (poison)
Press: ? - help, Q - select action, (/) - cycle Shift-Dir - straight line, f/p - boulder beetle
Aim: a boulder beetle (severely wounded, extremely poisoned, haloed, 97% to hit)
Your line of fire to the boulder beetle is blocked by a plant.
Continue anyway? [Y]es or [N]o only, please.
Your line of fire to the boulder beetle is blocked by a plant.
Continue anyway? [Y]es or [N]o only, please.
Your line of fire to the boulder beetle is blocked by a plant.
Continue anyway?
Okay, then.
The boulder beetle curls into a ball and begins rolling!
Aiming: Corrosive Bolt
Press: ? - help, Shift-Dir - straight line, f/p - boulder beetle
Aim: a boulder beetle (severely wounded, rolling, very poisoned, haloed, 100% to hit)
The bolt of acid hits the boulder beetle!
The acid corrodes the boulder beetle!
The boulder beetle is almost dead.
The bolt of acid hits the plant!
The plant begins to die.
The plant is lightly damaged.
The boulder beetle hits you!!!
You die... ### ###### ..# #....# ### #.######## # #.##PPPPP## #.#.PPPPPP#

#.#P.PP..P#
#.(.PP.>.P#
#...P@÷..P#
#...BP.PPP#
##.P.°PPPP#
#..°.PPPP#
##...PPPP#
#...(PPP#
##...PP##
##...##
##.#.#


You could see a boulder beetle (rolling, very poisoned, corroded).

Vanquished Creatures
  2 vault guards (Bailey)
  A hydra (D:8)
  4 two-headed ogres
  A cyclops (D:11)
  Joseph (D:10)
  3 cane toads
  Psyche (D:10)
  A komodo dragon (D:8)
  3 hornets
  A troll (D:10)
  Prince Ribbit (D:6)
  A blink frog (Bailey)
  Sigmund (D:4)
  A wraith (Ossuary)
  3 yaks
  3 wyverns (D:9)
  2 steam dragons
  7 humans (Bailey)
  A warg (Orc:1)
  Menkaure (D:4)
  4 water moccasins
  10 orc warriors
  A sky beast (D:7)
  An ice beast (D:7)
  A necrophage (D:6)
  A centaur (D:9)
  An ogre (D:5)
  5 kobold brigands
  14 bullfrogs
  A wyvern zombie (D:8)
  4 scorpions
  11 killer bees (D:9)
  A howler monkey (D:6)
  4 centaur zombies
  2 bullfrog zombies
  3 orc priests
  3 hounds
  Crazy Yiuf (D:3)
  2 bullfrog skeletons
  2 jellies
  An iguana (D:6)
  A gnoll shaman (D:8)
  6 orc wizards
  A hound skeleton (D:4)
  2 mummies
  2 howler monkey zombies
  8 gnolls
  9 adders
  8 river rats (Sewer)
  A shadow imp (D:6)
  3 worms
  4 dart slugs
  35 orcs
  2 bats
  10 endoplasms
  3 giant cockroaches
  9 goblins
  4 hobgoblins
  6 jackals
  4 quokkas
  6 ball pythons
  8 frilled lizards
  8 gnoll skeletons (Ossuary)
  36 kobolds
  7 kobold skeletons (Ossuary)
  A kobold zombie (D:8)
  10 orc skeletons (Ossuary)
  An orc zombie (D:8)
  21 rats
328 creatures vanquished.

Vanquished Creatures (others)
  An orc (D:10)
  2 plants (D:8)
3 creatures vanquished.

Grand Total: 331 creatures vanquished

Notes
Turn   | Place    | Note
-------+----------+-------------------------------------------
     0 | D:1      | gimp the Formicid Wanderer began the quest for the Orb.
     0 | D:1      | gimp set off with the following items: a +2 spear, a +0
                  | shortbow, 25 arrows, a +0 ring mail
     0 | D:1      | Reached XP level 1. HP: 13/13 MP: 1/1
    55 | D:1      | Reached skill level 1 in Fighting
   241 | D:1      | Reached XP level 2. HP: 21/21 MP: 2/2
   641 | D:1      | Reached XP level 3. HP: 26/28 MP: 3/3
   720 | D:1      | Found a faded altar of an unknown god.
  1906 | D:3      | Reached XP level 4. HP: 35/36 MP: 4/4
  2598 | D:3      | Reached XP level 5. HP: 38/43 MP: 5/5
  2707 | D:3      | Found a runed translucent door.
  2708 | D:3      | Noticed Crazy Yiuf
  2985 | D:3      | Found a shimmering altar of Xom.
  3312 | D:4      | Noticed an orc warrior
  3374 | D:3      | Killed an orc warrior
  3375 | D:3      | Reached skill level 5 in Fighting
  3375 | D:3      | Reached skill level 2 in Maces & Flails
  3375 | D:3      | Reached XP level 6. HP: 22/51 MP: 6/6
  3514 | D:3      | Killed Crazy Yiuf
  3515 | D:3      | Reached skill level 3 in Maces & Flails
  3589 | D:4      | Identified the +3 great mace "Puecrad" {spect, rN++}
  3589 | D:4      | Noticed an ogre
  3590 | D:4      | Found a transporter.
  3678 | D:4      | Noticed Urgle's ghost (amateur DrIE)
  3702 | D:4      | Noticed Sigmund
  3753 | D:5      | Entered Level 5 of the Dungeon
  3753 | D:5      | You fall into a shaft and drop 1 floor!
  3827 | D:6      | Reached skill level 4 in Maces & Flails
  3865 | D:6      | Reached XP level 7. HP: 32/56 MP: 7/7
  3964 | D:6      | Reached skill level 5 in Maces & Flails
  4000 | D:6      | Noticed a two-headed ogre
  4029 | D:6      | HP: 1/43 [two-headed ogre (14)]
  4142 | D:6      | Found a glowing drain.
  4151 | Sewer    | Entered a sewer
  4535 | Sewer    | Reached skill level 6 in Maces & Flails
  4691 | Sewer    | Reached XP level 8. HP: 35/35 MP: 8/8
  5073 | D:6      | Reached skill level 5 in Armour
  5188 | D:5      | Found a basalt altar of Yredelemnul.
  5232 | D:5      | Reached skill level 7 in Maces & Flails
  5417 | D:5      | Found a glowing golden altar of the Shining One.
  5866 | D:4      | Found a sacrificial altar of Ru.
  5915 | D:4      | Killed Sigmund
  5916 | D:4      | Reached XP level 9. HP: 68/68 MP: 9/9
  5993 | D:4      | Found a bloodstained altar of Trog.
  5994 | D:4      | Found a stormy altar of Qazlal.
  6213 | D:4      | Noticed Menkaure
  6217 | D:4      | Killed Menkaure
  6218 | D:4      | Reached skill level 8 in Maces & Flails
  6443 | D:4      | Found a transporter.
  6558 | D:6      | Found a staircase to the Ecumenical Temple.
  6651 | Temple   | Entered the Ecumenical Temple
  6716 | Temple   | Became a worshipper of Warmaster Okawaru
  6895 | D:6      | Killed a two-headed ogre
  6895 | D:6      | Reached * piety under Okawaru
  7208 | D:7      | Noticed Prince Ribbit
  7328 | D:6      | Killed Prince Ribbit
  7480 | D:7      | Reached skill level 9 in Maces & Flails
  7654 | D:7      | Reached XP level 10. HP: 74/74 MP: 13/13
  7881 | D:8      | Found a sand-covered staircase.
  7909 | Ossuary  | Entered an ossuary
  8112 | Ossuary  | Reached skill level 5 in Invocations
  8206 | D:8      | Found a shimmering blue altar of Sif Muna.
  8311 | D:8      | Reached ** piety under Okawaru
  8836 | D:8      | Found a staircase to the Lair.
  8837 | D:8      | Noticed a komodo dragon
  8858 | D:8      | Killed a komodo dragon
  8859 | D:8      | Reached skill level 10 in Maces & Flails
  9246 | D:9      | Noticed a two-headed ogre
  9256 | D:9      | Reached *** piety under Okawaru
  9276 | D:9      | Killed a two-headed ogre
  9277 | D:9      | Reached skill level 10 in Armour
  9277 | D:9      | Reached XP level 11. HP: 31/79 MP: 14/17
  9660 | D:9      | Found an ornate altar of the Wu Jian Council.
  9794 | D:9      | Noticed a two-headed ogre
  9804 | D:9      | Killed a two-headed ogre
  9804 | D:9      | Reached **** piety under Okawaru
  9805 | D:9      | Reached skill level 11 in Maces & Flails
  9913 | D:9      | Found a runed translucent door.
  9915 | D:9      | Noticed a yaktaur captain
  9915 | D:9      | Noticed a glowing orange brain
  9915 | D:9      | Noticed a centaur warrior
  9915 | D:9      | Noticed a fire dragon
  9915 | D:9      | Noticed a boulder beetle
  9915 | D:9      | Found the +2 shield of Resistance {rF++ rC++ Will++}
  9997 | D:9      | Noticed a mana viper
 10034 | D:10     | Entered Level 10 of the Dungeon
 10038 | D:10     | Noticed a two-headed ogre
 10048 | D:10     | Killed a two-headed ogre
 10048 | D:10     | Received a gift from Okawaru
 10078 | D:10     | Found a flagged portal.
 10103 | Bailey   | Entered a bailey
 10185 | Bailey   | Reached skill level 10 in Invocations
 10258 | Bailey   | Received a gift from Okawaru
 10417 | Bailey   | Noticed a vault guard
 10489 | Bailey   | Killed a vault guard
 10490 | Bailey   | Reached skill level 12 in Maces & Flails
 10590 | Bailey   | Noticed a vault guard
 10618 | Bailey   | Killed a vault guard
 10619 | Bailey   | Reached XP level 12. HP: 81/86 MP: 14/20
 10702 | D:10     | Found a staircase to the Orcish Mines.
 10822 | D:10     | Noticed Joseph
 10839 | D:10     | Killed Joseph
 11027 | D:10     | Found an ancient bone altar of Kikubaaqudgha.
 11038 | D:10     | Noticed Psyche
 11050 | D:10     | Killed Psyche
 11342 | D:11     | Reached ***** piety under Okawaru
 11698 | Orc:1    | Entered Level 1 of the Orcish Mines
 11752 | D:10     | Reached skill level 1 in Shields
 11892 | Orc:1    | Noticed an orc high priest
 11933 | D:10     | Reached skill level 13 in Maces & Flails
 12024 | D:9      | Noticed an orb spider
 12024 | D:9      | Noticed a goliath frog
 12024 | D:9      | an orb spider changed into a goliath frog
 12307 | Lair:1   | Entered Level 1 of the Lair of Beasts
 12502 | Lair:1   | Noticed Gastronok
 12505 | Lair:1   | Noticed a six-headed hydra
 12534 | D:8      | Killed a six-headed hydra
 12579 | Lair:1   | Noticed a boulder beetle
 12629 | D:8      | Mangled by a boulder beetle

Illustrated notes

Levels and vault maps discovered:
D:1:      matt_arrival_diagonals, layout_basic,
          ebering_ecumenical_altar_abandoned, minivault_23
D:2:      layout_basic
D:3:      layout_basic, lemuel_round_altar, kennysheep_donut,
          kennysheep_decorative_pillar, grunt_ministairs_15,
          minmay_three_crescents, uniq_crazy_yiuf_cottage
D:4:      layout_gridville, nicolae_ru_awakened_eye,
          chequers_temple_overflow_statue_of_worship, gammafunk_ghost_smash,
          uniq_sigmund, uniq_menkaure
D:5:      layout_loops_ring, tso_oasis_becter, yredelemnul_altar_generic
D:6:      layout_gridville, minmay_temple_entry_fiery,
          cheibrodos_sewer_entry_bend
D:7:      layout_rooms, minmay_diced_spiral, uniq_prince_ribbit1
D:8:      layout_cave_pods, kennysheep_mini, david_lair_shrubbed,
          nicolae_ossuary_entry_giza
D:9:      minmay_gate_of_8, layout_basic, nicolae_wu_jian_immortal_techniques
D:10:     layout_basic, old_standard_altar, orc_0_dummy, enter_bailey_3,
          uniq_joseph, uniq_psyche
D:11:     layout_loops_corners, minmay_misc_feat_plants, uniq_josephine
Temple:   cyrus_circular_temple
Lair:1:   layout_cave_shapes, nzn_masters_of_martial_movement, uniq_gastronok
Orc:1:    layout_caves, serial_shops, nicolae_lakefront_shop

Skill      XL: |  1  2  3  4  5  6  7  8  9 10 11 12 |
---------------+-------------------------------------+-----
Fighting       | 1 2 3 4 5 |  5.0
Maces & Flails | 2 4 6 7 9 10 12 13 | 13.2
Armour         | 4 6 8 10 | 10.0
Invocations    | 4 8 11 12 | 12.0
Shields        | 3 |  3.2
Evocations     | 3 |  3.3
Polearms       | |  3.0
Bows           | |  2.4

Action                   |  1- 3 |  4- 6 |  7- 9 | 10-12 || total
-------------------------+-------+-------+-------+-------++-------
Melee: Spear             |    89 |   165 |   525 |       ||   779
       Flail             |       |       |    27 |   877 ||   904
Throw: Dart              |       |    14 |    29 |    14 ||    57
Invok: Heroism           |       |       |       |    11 ||    11
       Finesse           |       |       |       |     2 ||     2
 Abil: Dig               |     1 |     1 |    10 |     3 ||    15
Evoke: Wand              |       |     3 |    16 |     4 ||    23
  Use: Scroll            |       |     5 |     5 |    14 ||    24
       Potion            |       |       |     2 |     1 ||     3
 Stab: Paralysed         |       |       |       |    12 ||    12
Armor: Chain mail        |    30 |    84 |   285 |   414 ||   813
       Skin              |       |       |    27 |       ||    27
Dodge: Dodged            |    26 |    55 |   203 |   537 ||   821

Table legend: (Time is in decaauts)
 A = Elapsed time spent in this place.
 B = Non-inter-level travel time spent in this place.
 C = Inter-level travel time spent in this place.
 D = Time resting spent in this place.
 E = Time spent auto-exploring this place.
 F = Levels seen in this place.
 G = Mean time per level.
                   A        B        C        D        E       F      G
               +--------+--------+--------+--------+--------+-----+--------+
         Total |  12445 |  11708 |    737 |    696 |   7035 |  17 |  732.1 |
       Dungeon |  10666 |   9941 |    725 |    667 |   6378 |  11 |  969.6 |
        Temple |     76 |     66 |     10 |      0 |     42 |   1 |   76.0 |
          Lair |     54 |     54 |      0 |      0 |      6 |   1 |   54.0 |
  Orcish Mines |    154 |    154 |      0 |      0 |     43 |   1 |  154.0 |
         Sewer |    755 |    755 |      0 |     22 |    314 |   1 |  755.0 |
       Ossuary |    229 |    229 |      0 |      0 |     59 |   1 |  229.0 |
        Bailey |    508 |    508 |      0 |      7 |    192 |   1 |  508.0 |
               +--------+--------+--------+--------+--------+-----+--------+

Top non-repeatable levels by time:
     D:3: 1649 daAuts
     D:6: 1338 daAuts
     D:8: 1260 daAuts
     D:9: 1179 daAuts
    D:10: 1094 daAuts
     D:1: 946 daAuts
     D:2: 929 daAuts
     D:4: 867 daAuts
   Sewer: 755 daAuts
     D:5: 745 daAuts
  Bailey: 508 daAuts
     D:7: 480 daAuts
 Ossuary: 229 daAuts
    D:11: 174 daAuts
   Orc:1: 154 daAuts
